 Dungeon Crawl Stone Soup version 0.20.0 (webtiles) character file.

13177 Llamajah the Blocker (level 12, -2/92 HPs)
             Began as a Formicid Fighter on July 24, 2017.
             Was a High Priest of Okawaru.
             Killed by drain life
             ... invoked by a soul eater
             ... summoned by a kobold demonologist
              (11 damage)
             ... on level 12 of the Dungeon.
             The game lasted 00:29:27 (8842 turns).

Llamajah the Blocker (Formicid Fighter)             Turns: 8842, Time: 00:29:28

Health: -2/92      AC: 20    Str: 31    XL:     12   Next: 29%
Magic:  12/12      EV: 14    Int: 10    God:    Okawaru [*****.]
Gold:   801        SH: 14    Dex: 15    Spells: 11/11 levels left

rFire    + + .     SeeInvis +   y - +8 war axe of Esotsaif {freeze, rPois MR+ Dex+2}
rCold    . . .     Gourm    .   c - +1 shield
rNeg     . . .     Faith    .   X - +0 chain mail (curse)
rPois    +         Spirit   .   (helmet unavailable)
rElec    .         Reflect  .   S - +1 cloak
rCorr    .         Harm     .   L - +0 pair of gloves "Qocy" {rF+ MR+ Str+4}
MR       ++++.                  P - +3 pair of boots of the Stars {rPois rF+ Int+3}
Stlth    ..........             z - amulet of regeneration
Regen    0.7/turn               V - +3 ring of dexterity
MPRegen  0.2/turn               e - ring of protection from magic

@: lethally poisoned (-2 -> -2)
A: permanent stasis, dig shafts and tunnels, four strong arms, antennae 3
a: Dig, Shaft Self, Heroism, Finesse, Renounce Religion


You were on level 12 of the Dungeon.
You worshipped Okawaru.
Okawaru was extremely pleased with you.
You were not hungry.

You visited 2 branches of the dungeon, and saw 13 of its levels.
You also visited: Ossuary.

You collected 801 gold pieces.

Inventory:

Hand Weapons
 m - a +1 hunting sling of flaming
 y - the +8 war axe of Esotsaif (weapon) {freeze, rPois MR+ Dex+2}
   (You found it on level 4 of the Dungeon)

   It has been specially enchanted to freeze those struck by it, causing extra
   injury to most foes and up to half again as much damage against particularly
   susceptible opponents.
   It can also slow down cold-blooded creatures.
   It affects your dexterity (+2).
   It protects you from poison.
   It affects your resistance to hostile enchantments.
 K - a +0 broad axe
 T - a +0 battleaxe
Missiles
 h - 178 sling bullets
Armour
 c - a +1 shield (worn)
 i - a scarf of spirit shield
 L - the +0 pair of gloves "Qocy" (worn) {rF+ MR+ Str+4}
   (You found it on level 5 of the Dungeon)

   It affects your strength (+4).
   It protects you from fire.
   It affects your resistance to hostile enchantments.
 P - the +3 pair of boots of the Stars (worn) {rPois rF+ Int+3}
   (Okawaru gifted it to you on level 9 of the Dungeon)

   It affects your intelligence (+3).
   It protects you from fire.
   It protects you from poison.
 S - a +1 cloak (worn)
 X - a cursed +0 chain mail (worn)
Jewellery
 e - a ring of protection from magic (right hand)
 k - an uncursed ring of poison resistance
 t - an uncursed amulet of guardian spirit
 u - an uncursed ring of stealth
 z - an amulet of regeneration (around neck)
 I - an uncursed amulet of the gourmand
 J - an uncursed ring of resist corrosion
 O - an uncursed ring of protection from cold
 V - a +3 ring of dexterity (left hand)
 W - an uncursed ring of positive energy
Wands
 F - a wand of polymorph (8/24)
 G - a wand of enslavement (14/24)
 H - a wand of scattershot (8/9)
 U - a wand of iceblast (7/15)
Scrolls
 j - 4 scrolls of enchant armour
 o - a scroll of fear
 v - 3 scrolls of magic mapping
 A - a scroll of vulnerability {unknown}
 B - 3 scrolls of fog {unknown}
 D - 5 scrolls of noise {unknown}
 N - 4 scrolls of immolation {unknown}
 Q - 2 scrolls of remove curse
 Y - a scroll of enchant weapon {unknown}
Potions
 a - 2 potions of berserk rage {unknown}
 b - 2 potions of curing
 d - 3 potions of heal wounds
 l - 2 potions of haste {unknown}
 n - a potion of magic {unknown}
 p - 4 potions of mutation
 r - a potion of ambrosia {unknown}
 w - 3 potions of agility
 x - 2 potions of resistance
 C - 2 potions of brilliance {unknown}
 E - 3 potions of lignification {unknown}
 M - a potion of flight {unknown}
Comestibles
 f - 9 bread rations
 g - 7 meat rations
 q - 7 royal jellies
 s - 12 fruits
 R - 10 chunks of flesh


   Skills:
 + Level 7.9 Fighting
 + Level 6.6 Axes
 + Level 7.0 Slings
 * Level 10.1 Armour
 * Level 8.3 Dodging
 * Level 11.0 Shields


You had 11 spell levels left.
You didn't know any spells.

Dungeon Overview and Level Annotations

Branches:
Dungeon (12/15)            Temple (1/1) D:4            Lair (0/6) D:9
    Orc: D:9-12

Altars:
Ashenzari
Dithmenos
Elyvilon
Fedhas
Hepliaklqana
Makhleb
Nemelex Xobeh
Okawaru
Trog
Xom
Zin

Shops:
D:4 [   D:8 [([(:


Innate Abilities, Weirdness & Mutations

You cannot be hasted, slowed, berserked, paralysed or teleported.
You can dig through walls and to a lower floor.
Your four strong arms can wield two-handed weapons with a shield.
You have a pair of large antennae on your head. (SInv)


Message History

You slash the troll! You freeze the troll.
The troll is heavily wounded.
You closely miss the sun demon. You miss the ufetubus.
You block the sun demon's attack. The ufetubus completely misses you.
You block the ufetubus's attack. The troll closely misses you.
You block the troll's attack. The troll claws you but does no damage.
The sun demon hits you!
You are engulfed in flames.
You resist.
Your chain mail prevents you from hitting the troll.
The troll is heavily wounded.
You miss the ufetubus. You slash the sun demon! You freeze the sun demon.
You block the ufetubus's attack. x2; The troll bites you but does no damage.
You block the troll's attack. The troll claws you but does no damage.
The sun demon hits you!!
* * * LOW HITPOINT WARNING * * *
You are engulfed in flames.
You resist.
* * * LOW HITPOINT WARNING * * *
The ufetubus closely misses you. The ufetubus misses you.
The ynoxinul gestures.
The soul eater draws from the surrounding life force!
You die...

≈.h. ..K. { .≈≈.. { {
.≈.$. {{ { .≈≈.K. {{
{ .≈...3###
##KT@############# ##
#5335(...........# #.
≈...55####........###
## ≈..555 ##.......#
# .≈### #......## # .
##.....### ##
..........####.
......(.)......
#.........#..##.


You could see a soul eater, a sun demon, a kobold demonologist, a troll, a
ynoxinul, a big kobold and 7 ufetubi.

Vanquished Creatures
  Harold (D:10)
  3 two-headed ogres
  An unseen horror (D:12)
  Pikel (D:5)
  A manticore (D:11)
  A cyclops (D:11)
  Maurice (D:10)
  Joseph (D:9)
  4 molten gargoyles (D:9)
  2 kobold demonologists (D:12)
  A troll (D:9)
  3 polar bears (D:12)
  A hornet (D:10)
  A wyvern (D:10)
  2 hogs (D:7)
  5 yaks
  A human (D:7)
  A hungry ghost (D:8)
  A slave (D:5)
  A hornet zombie (D:7)
  4 ice beasts
  A necrophage (D:6)
  3 ogres
  2 orc warriors
  2 sky beasts
  A wolf (D:12)
  2 phantoms
  2 centaurs
  3 big kobolds
  3 bullfrogs
  A water moccasin zombie (D:7)
  2 scorpions
  3 wights (D:8)
  4 jellies
  7 howler monkeys
  3 crimson imps
  2 bullfrog zombies
  2 centaur zombies (Ossuary)
  3 hounds
  A quasit (D:10)
  Crazy Yiuf (D:6)
  2 human zombies (Ossuary)
  5 orc priests
  A wyvern simulacrum (D:12)
  4 orc wizards
  A bullfrog skeleton (D:11)
  2 centaur skeletons
  2 iguanas
  5 worker ants
  A big kobold zombie (Ossuary)
  A hound zombie (D:5)
  A hound skeleton (D:4)
  4 mummies (Ossuary)
  3 gnolls (D:8)
  6 adders
  3 shadow imps
  A white imp (D:12)
  2 oozes
  An adder skeleton (D:7)
  3 worms
  3 dart slugs
  8 leopard geckos
  15 orcs
  7 giant cockroaches
  9 goblins
  5 hobgoblins
  9 jackals
  20 kobolds
  4 quokkas
  10 bats
  4 frilled lizards
  A goblin zombie (Ossuary)
  A kobold zombie (Ossuary)
  A leopard gecko skeleton (D:4)
  An orc zombie (Ossuary)
  A quokka skeleton (D:6)
  9 rats
  A butterfly (D:4)
242 creatures vanquished.

Vanquished Creatures (others)
  A quasit (D:5)
  An orc wizard (D:5)
  A leopard gecko (D:5)
  4 orcs (D:5)
7 creatures vanquished.

Grand Total: 249 creatures vanquished

Notes
Turn   | Place    | Note
-------+----------+-------------------------------------------
     0 | D:1      | Llamajah the Formicid Fighter began the quest for the Orb.
     0 | D:1      | Reached XP level 1. HP: 18/18 MP: 1/1
   129 | D:1      | Reached XP level 2. HP: 24/24 MP: 2/2
   270 | D:1      | Reached skill level 1 in Dodging
   270 | D:1      | Reached XP level 3. HP: 29/29 MP: 3/3
   741 | D:2      | Found a sparkling altar of Nemelex Xobeh.
   756 | D:2      | You fall through a shaft!
   762 | D:3      | Reached skill level 4 in Shields
   766 | D:3      | Reached XP level 4. HP: 8/37 MP: 1/4
  1450 | D:2      | Reached skill level 1 in Slings
  1587 | D:3      | Reached XP level 5. HP: 42/42 MP: 5/5
  1985 | D:4      | Found a staircase to the Ecumenical Temple.
  2004 | Temple   | Entered the Ecumenical Temple
  2016 | Temple   | Became a worshipper of Warmaster Okawaru
  2248 | D:4      | Got a steaming war axe
  2253 | D:4      | Identified the +8 war axe of Esotsaif {freeze, rPois MR+ Dex+2} (You found it on level 4 of the Dungeon)
  2344 | D:4      | Reached XP level 6. HP: 45/48 MP: 4/6
  2531 | D:4      | Noticed an ogre
  2539 | D:4      | Killed an ogre
  2542 | D:4      | Reached * piety under Okawaru
  2546 | D:4      | Reached XP level 7. HP: 39/54 MP: 5/7
  2548 | D:4      | Reached skill level 5 in Shields
  2554 | D:4      | Reached skill level 5 in Armour
  2838 | D:4      | Found Tyidilan's Armour Shoppe.
  2898 | D:5      | Entered Level 5 of the Dungeon
  2912 | D:5      | Noticed Pikel
  2915 | D:5      | Killed Pikel
  2915 | D:5      | Reached ** piety under Okawaru
  2915 | D:5      | Reached skill level 6 in Shields
  2915 | D:5      | Reached XP level 8. HP: 60/61 MP: 8/8
  3036 | D:5      | Got a pair of warped gloves
  3047 | D:5      | Identified the +0 pair of gloves "Qocy" {rF+ MR+ Str+4} (You found it on level 5 of the Dungeon)
  3409 | D:5      | Found a shadowy altar of Dithmenos.
  3409 | D:5      | Found a blossoming altar of Fedhas.
  3798 | D:6      | Reached skill level 5 in Fighting
  3915 | D:6      | Found a runed door.
  3919 | D:6      | Noticed Crazy Yiuf
  3921 | D:6      | Killed Crazy Yiuf
  4326 | D:6      | Reached *** piety under Okawaru
  4359 | D:7      | Reached XP level 9. HP: 64/68 MP: 9/9
  4435 | D:7      | Received a gift from Okawaru
  4485 | D:7      | Noticed an angel
  4486 | D:7      | Found a glowing silver altar of Zin.
  4508 | D:7      | Found a bloodstained altar of Trog.
  4830 | D:7      | Reached skill level 7 in Shields
  4857 | D:7      | Found a burning altar of Makhleb.
  4857 | D:7      | Noticed a cacodemon
  5161 | D:7      | Reached skill level 5 in Dodging
  5165 | D:7      | Reached **** piety under Okawaru
  5165 | D:7      | Received a gift from Okawaru
  5205 | D:8      | Found Godiq's Armour Shoppe.
  5342 | D:8      | Found Saenuanku's Antique Weapon Shop.
  5356 | D:8      | Found Tyonuux's Weapon Emporium.
  5367 | D:8      | Found Par Yhojy's Antique Armour Shoppe.
  5387 | D:8      | Reached skill level 8 in Shields
  5388 | D:8      | Noticed a two-headed ogre
  5394 | D:8      | Killed a two-headed ogre
  5394 | D:8      | Reached XP level 10. HP: 76/76 MP: 7/10
  5428 | D:8      | Found a sand-covered staircase.
  5439 | Ossuary  | Entered an ossuary
  5460 | Ossuary  | Reached ***** piety under Okawaru
  5467 | Ossuary  | Reached skill level 5 in Slings
  5987 | D:8      | Found Laguam's Book Emporium.
  6272 | D:8      | Reached skill level 5 in Axes
  6373 | D:9      | Noticed a two-headed ogre
  6380 | D:9      | Killed a two-headed ogre
  6380 | D:9      | Received a gift from Okawaru
  6380 | D:9      | Reached skill level 9 in Shields
  6402 | D:9      | Found a shattered altar of Ashenzari.
  6536 | D:9      | Received a gift from Okawaru
  6537 | D:9      | Noticed Joseph
  6549 | D:9      | Reached XP level 11. HP: 54/83 MP: 8/11
  6551 | D:9      | Killed Joseph
  6927 | D:9      | Received a gift from Okawaru
  6930 | D:9      | Got a pair of dazzling boots {god gift}
  6936 | D:9      | Identified the +3 pair of boots of the Stars {rPois rF+ Int+3} (Okawaru gifted it to you on level 9 of the Dungeon)
  7006 | D:9      | Reached skill level 10 in Shields
  7108 | D:9      | Found a staircase to the Lair.
  7262 | D:10     | Entered Level 10 of the Dungeon
  7262 | D:10     | Noticed a two-headed ogre
  7272 | D:10     | Killed a two-headed ogre
  7470 | D:10     | Noticed Harold
  7481 | D:10     | Killed Harold
  7508 | D:10     | Noticed Maurice
  7513 | D:10     | Killed Maurice
  7807 | D:11     | Noticed a cyclops
  7936 | D:11     | Killed a cyclops
  8282 | D:11     | Noticed a manticore
  8291 | D:11     | Killed a manticore
  8291 | D:11     | Reached XP level 12. HP: 76/92 MP: 12/12
  8616 | D:12     | Noticed an unseen horror
  8818 | D:12     | Noticed an unseen horror
  8826 | D:12     | Killed an unseen horror
  8826 | D:12     | Received a gift from Okawaru
  8826 | D:12     | Reached skill level 10 in Armour
  8828 | D:12     | Reached skill level 11 in Shields
  8834 | D:12     | Noticed a sun demon
  8837 | D:12     | Noticed a soul eater
  8838 | D:12     | Received a gift from Okawaru
  8842 | D:12     | Killed from afar by a soul eater

Skill      XL: |  1  2  3  4  5  6  7  8  9 10 11 12 |
---------------+-------------------------------------+-----
Dodging        | 1 2 3 4 5 6 8 |  8.3
Shields        | 4 6 8 9 10 11 | 11.0
Armour         | 4 5 6 7 8 9 10 | 10.1
Slings         | 1 2 3 4 5 6 7 |  7.0
Fighting       | 4 5 6 7 |  7.9
Axes           | 3 4 5 6 |  6.6

Action                   |  1- 3 |  4- 6 |  7- 9 | 10-12 || total
-------------------------+-------+-------+-------+-------++-------
Melee: War axe           |    71 |   131 |   153 |   309 ||   664
Invok: Heroism           |       |       |     1 |     7 ||     8
  Use: Scroll            |     1 |     6 |     5 |     4 ||    16
       Potion            |     1 |       |       |     2 ||     3
  Eat: Chunk             |       |     6 |    21 |    11 ||    38
Armor: Scale mail        |    26 |       |       |       ||    26
       Chain mail        |     7 |    65 |    56 |   103 ||   231
Dodge: Dodged            |    19 |    47 |    38 |   133 ||   237
Block: Shield            |    35 |    78 |    85 |   233 ||   431
